AoeStats
← CazadorGT

Arabia

508958555Analyzed
3v3 RM · 8d ago on Sep 24, 2026· 42m 31s· 6 players
Game mode
Random Map
Map size
Normal (6 player)
Population
200
Speed
Normal
Resources
Standard
Victory
Conquest
Starting age
Dark Age
Ending age
Imperial Age
RankedLock teamsTeams togetherTeam positionsShared explorationLock speedFull tech treeHidden civsTurbo modeCheats
Victory
Defeat
🇬🇹 Maya · Guatemala
1189
+10
🇻🇪 Persians · Venezuela
1139
+12
🇦🇷 Franks · Argentina
809
+25
🇦🇷 Danes · Argentina
1069
-17
🇨🇱 Vietnamese · Chile
1024
-15
🇨🇱 Franks · Chile
1014
-15
Kurt <3
3:35 Loom
10:08 Feudal Age
10:45 Double-Bit Axe
21:07 Castle Age
19:11 Fletching
20:19 Scale Mail Armor
21:09 Pikeman
22:08 Bow Saw
21:46 Horse Collar
22:42 Crossbowman
25:20 Gold Mining
26:24 Stone Mining
32:27 Forging
35:24 Chain Mail Armor
36:48 Bodkin Arrow
38:14 Wheelbarrow
40:24 Ballistics
BJ
3:12 Loom
9:57 Feudal Age
10:51 Man-at-Arms
12:18 Double-Bit Axe
20:41 Castle Age
19:53 Padded Archer Armor
20:23 Fletching
22:35 Squires
23:04 Elite Skirmisher
26:24 Thumb Ring
26:08 Pikeman
35:47 Bow Saw
40:20 Scale Mail Armor
Th3 Morning Star
6:45 Loom
11:22 Feudal Age
12:33 Double-Bit Axe
18:14 Castle Age
17:38 Gold Mining
18:30 Wheelbarrow
19:16 Bow Saw
20:00 Gold Shaft Mining
19:36 Husbandry
21:37 Scale Barding Armor
22:57 Hand Cart
23:59 Chain Barding Armor
25:33 Forging
30:22 Town Watch
34:45 Iron Casting
37:05 Murder Holes
42:00 Imperial Age
42:07 Cavalier
COSTAMDP
11:38 Feudal Age
17:55 Castle Age
17:38 Stone Mining
26:21 Forging
32:54 Husbandry
33:46 Iron Casting
CazadorGT
0:32 Loom
9:20 Feudal Age
10:26 Double-Bit Axe
13:40 Horse Collar
14:42 Fletching
22:12 Castle Age
20:40 Gold Mining
22:13 Crossbowman
22:53 Bodkin Arrow
25:28 Heavy Plow
27:24 Bow Saw
29:05 Wheelbarrow
33:50 Imperial Age
31:53 Stone Mining
33:01 Ballistics
33:59 Arbalester
34:40 Bracer
36:17 Two-Man Saw
36:33 Chemistry
37:44 Padded Archer Armor
39:15 Leather Archer Armor
42:01 Elite Plumed Archer
dejame_ganar
6:12 Loom
8:46 Feudal Age
9:19 Double-Bit Axe
13:49 Horse Collar
19:05 Castle Age
17:54 Forging
17:49 Scale Barding Armor
18:51 Bloodlines
19:48 Husbandry
19:58 Husbandry
26:36 Iron Casting
33:13 Bow Saw
32:57 Fletching
38:20 Imperial Age
36:26 Wheelbarrow
35:37 Town Watch
36:10 Heavy Plow
37:15 Chain Barding Armor
38:26 Bodkin Arrow
40:13 Two-Man Saw
40:34 Conscription
39:53 Cavalier
Connection lost

Rejoining the realm…

Still unreachable

The connection could not be restored.

Session expired

The server has moved on; the page needs a fresh start.